 Dungeon Crawl Stone Soup version 0.24.0-123-gd5b16e6ec5 (webtiles) character file.

Game seed: 7062082462566756549, levelgen mode: deterministic

12522 DungeonDestroyer the Blocker (level 11, -3/89 HPs)
             Began as a Gnoll Fighter on Dec 27, 2019.
             Was a High Priest of Qazlal.
             Slain by a red devil
             ... wielding a +0 trident
             ... summoned by a kobold demonologist
              (12 damage)
             ... on level 12 of the Dungeon.
             The game lasted 00:24:03 (9647 turns).

DungeonDestroyer the Blocker (Gnoll Fighter)        Turns: 9647, Time: 00:24:03

Health: -3/89      AC: 28    Str: 22    XL:     11   Next: 94%
Magic:  6/21       EV:  9    Int: 11    God:    Qazlal [*****.]
Gold:   367        SH: 19    Dex: 14    Spells: 23/23 levels left

rFire    . . .     SeeInvis .   w - +2 war axe (freeze)
rCold    . . .     Gourm    .   c - +1 shield
rNeg     + . .     Faith    .   r - +0 plate armour
rPois    .         Spirit   .   (no helmet)
rElec    .         Reflect  .   a - +2 cloak
rCorr    .         Harm     .   l - +1 pair of gloves
MR       .....                  q - +0 pair of boots
Stlth    ..........             (no amulet)
HPRegen  0.24/turn              i - +4 ring of protection
MPRegen  0.17/turn              t - ring of positive energy

@: protected from physical damage, lightly drained, repel missiles
A: distributed training, fangs 1, strong nose
a: Upheaval, Elemental Force, Disaster Area, Renounce Religion


You were on level 12 of the Dungeon.
You worshipped Qazlal.
Qazlal was extremely pleased with you.
You were not hungry.

You visited 1 branch of the dungeon, and saw 12 of its levels.
You also visited: Ossuary.

You collected 695 gold pieces.
You spent 328 gold pieces at shops.

Inventory:

Hand Weapons
 o - a +0 hand axe of flaming
 w - a +2 war axe of freezing (weapon)
Missiles
 u - a boomerang (quivered)
Armour
 a - a +2 cloak (worn)
 c - a +1 shield (worn)
 l - a +1 pair of gloves (worn)
 q - a +0 pair of boots (worn)
 r - a +0 plate armour (worn)
Jewellery
 i - a +4 ring of protection (left hand)
 t - a ring of positive energy (right hand)
 x - a +5 ring of intelligence
 A - an uncursed ring of resist corrosion
Wands
 n - a wand of random effects (38)
 y - a wand of acid (7)
 z - a wand of flame (12)
 E - a wand of clouds (3)
Scrolls
 b - 2 scrolls of enchant armour
 e - 3 scrolls of enchant weapon
 g - a scroll of fear
 k - 6 scrolls of identify
 m - 4 scrolls of remove curse
 s - 4 scrolls of teleportation
 v - a scroll of fog
 C - a scroll of magic mapping
Potions
 d - a potion of might
 h - 3 potions of heal wounds
 j - a potion of invisibility
 p - 5 potions of curing
 B - 2 potions of agility
Comestibles
 f - 23 rations


   Skills:
 + Level 9.4(9.2) Fighting
 + Level 6.6(6.4) Short Blades
 + Level 6.6(6.4) Long Blades
 + Level 8.1(8.0) Axes
 + Level 6.6(6.4) Maces & Flails
 + Level 6.6(6.4) Polearms
 + Level 6.6(6.4) Staves
 + Level 6.6(6.4) Slings
 + Level 6.6(6.4) Bows
 + Level 6.6(6.4) Crossbows
 + Level 6.6(6.4) Throwing
 + Level 9.4(9.2) Armour
 + Level 6.6(6.4) Dodging
 + Level 6.6(6.4) Stealth
 + Level 9.4(9.2) Shields
 + Level 6.6(6.4) Unarmed Combat
 + Level 6.6(6.4) Spellcasting
 + Level 5.5(5.3) Conjurations
 + Level 5.5(5.3) Hexes
 + Level 5.5(5.3) Charms
 + Level 5.5(5.3) Summonings
 + Level 5.5(5.3) Necromancy
 + Level 5.5(5.3) Translocations
 + Level 5.5(5.3) Transmutations
 + Level 5.5(5.3) Fire Magic
 + Level 5.5(5.3) Ice Magic
 + Level 5.5(5.3) Air Magic
 + Level 5.5(5.3) Earth Magic
 + Level 5.5(5.3) Poison Magic
 + Level 7.3(7.1) Invocations
 + Level 6.6(6.4) Evocations


You had 23 spell levels left.
You didn't know any spells.
Your spell library contained the following spells:

 Spells                   Type           Power        Failure   Level  Hunger
 Confusing Touch          Hex            ###...       54%         1    None
 Corona                   Hex            ###....      54%         1    None
 Infusion                 Chrm           ###.         54%         1    None
 Shroud of Golubria       Chrm/Tloc      ###...       67%         2    ##.....
 Slow                     Hex            ###.....     67%         2    ##.....
 Song of Slaying          Chrm           ###.....     67%         2    ##.....
 Confuse                  Hex            ###.....     88%         3    ###....
 Gell's Gravitas          Tloc           ###.......   88%         3    ###....
 Inner Flame              Hex/Fire       ###.....     88%         3    ###....
 Portal Projectile        Hex/Tloc       ###...       88%         3    ###....
 Regeneration             Chrm/Necr      ###.......   88%         3    ###....
 Spectral Weapon          Hex/Chrm       ###.....     88%         3    ###....
 Cause Fear               Hex            ###.......   99%         4    ####...
 Leda's Liquefaction      Hex/Erth       ###.......   99%         4    ####...
 Petrify                  Tmut/Erth      ###.....     99%         4    ####...
 Bolt of Magma            Conj/Fire/Erth ###.......   100%        5    ######.
 Irradiate                Conj/Tmut      ###.......   100%        5    ######.
 Iskenderun's Battlesphe  Conj/Chrm      ###.....     100%        5    ######.
 Metabolic Englaciation   Hex/Ice        ###.......   100%        5    ######.
 Venom Bolt               Conj/Pois      ###.......   100%        5    ######.
 Yara's Violent Unravell  Hex/Tmut       ###.......   100%        5    ######.
 Hydra Form               Tmut           ###.......   100%        6    #######
 Iron Shot                Conj/Erth      ###.......   100%        6    #######
 Statue Form              Tmut/Erth      ###......    100%        6    #######
 Dragon Form              Tmut           ###.......   100%        7    #######
 Orb of Destruction       Conj           ###.......   100%        7    #######
 Spellforged Servitor     Conj/Summ      ###.......   100%        7    #######


Dungeon Overview and Level Annotations

Branches:
Dungeon (12/15)            Temple (0/1) D:6            Lair (0/6) D:9
Ossuary (visited)
    Orc: D:9-12

Altars:
Cheibriados
Elyvilon
Gozag
Makhleb
Nemelex Xobeh
Okawaru
Qazlal
Uskayaw
Vehumet
Wu Jian
Yredelemnul
Zin

Shops:
D:6 %[   D:7 (

Annotations:
D:5 1 runed translucent door, UrsusMedved's ghost, novice DsAK


Innate Abilities, Weirdness & Mutations

Your experience applies equally to all skills.
You have very sharp teeth.
Your uncanny sense of smell can sniff out nearby items.


Message History

Qazlal accepts your kill.
You hear a splash.
The blast of rubble hits the orc!!
You kill the orc!
Qazlal accepts your kill. You block the soul eater's attack.
The orc warrior hits you with a +0 mace.
* * * LOW HITPOINT WARNING * * *
You feel more protected from physical attacks.
The red devil hits you but does no damage.
You block the kobold demonologist's attack.
Nature churns violently around you!
The blast of magma engulfs the orc warrior!
The orc warrior is heavily wounded.
An ogre comes into view. It is wielding a +0 giant spiked club.
You block the soul eater's attack.
The orc warrior hits you but does no damage.
You block the kobold demonologist's attack.
The red devil hits you from afar with a +0 trident!
You die...

#.......$......#
#§.............#
#######......5.......##
..............≈.......#
≈≈≈≈≈8..§.............#
≈≈≈8≈....§○.≈..).....>
+o≈≈..4o3)..†)......#
#o≈≈..4K@§○))§†.....#
..##≈≈)#O###########.##
....o..o.# ..##≈§...#
#o≈≈...# +o≈≈.?.#
≈≈≈8≈...# ≈≈≈≈≈8....
.......#.. ∆


You could see a soul eater, a rust devil, a kobold demonologist, a red devil, 3
orc warriors, an ogre, an orc priest, an orc wizard, a crimson imp and an orc.

Vanquished Creatures
  A hydra (D:11)
  2 two-headed ogres
  A manticore (D:11)
  Maurice (D:8)
  Joseph (D:7)
  4 trolls (D:9)
  3 hippogriffs
  Sigmund (D:3)
  A shadow (D:11)
  A spriggan (D:9)
  A water elemental (D:12)
  Eustachio (D:6)
  A wyvern (D:8)
  6 yaks (D:11)
  2 water moccasins (D:9)
  An eye of draining (D:9)
  3 orc warriors
  3 phantoms
  3 black bears
  A sky beast (D:9)
  A necrophage (D:11)
  3 ogres
  7 centaurs
  A crocodile (D:10)
  A big kobold (D:8)
  6 bullfrogs
  An elf zombie (Ossuary)
  A gnoll sergeant (D:11)
  A water moccasin skeleton (D:8)
  A scorpion (D:9)
  A wyvern skeleton (D:11)
  7 wights
  9 killer bees (D:10)
  An electric eel (D:12)
  A crimson imp (D:4)
  3 centaur zombies
  A quasit (D:9)
  Crazy Yiuf (D:7)
  8 orc priests
  3 bullfrog skeletons
  4 hounds
  2 human zombies (Ossuary)
  3 jellies
  14 worker ants
  Jessica (D:2)
  A gnoll shaman (D:8)
  4 iguanas
  20 orc wizards
  2 big kobold zombies (Ossuary)
  2 hound zombies
  A hound skeleton (D:6)
  2 mummies (Ossuary)
  A worker ant zombie (D:11)
  13 gnolls
  A howler monkey zombie (D:6)
  14 adders
  A shadow imp (D:11)
  3 adder zombies
  An ooze (D:4)
  An adder skeleton (D:4)
  3 worms
  3 dart slugs
  7 leopard geckos
  54 orcs
  6 bats
  7 giant cockroaches
  5 goblins
  2 hobgoblins
  5 jackals
  5 quokkas
  3 ball pythons
  5 frilled lizards
  3 goblin zombies
  8 hobgoblin zombies (Ossuary)
  A jackal skeleton (D:5)
  2 jackal zombies (Ossuary)
  9 kobolds
  10 kobold zombies (Ossuary)
  8 orc zombies (Ossuary)
  A quokka skeleton (D:5)
  A quokka zombie (D:5)
  6 rats
  A spectral orc (D:3)
342 creatures vanquished.

Vanquished Creatures (others)
  An orc wizard (D:9)
1 creature vanquished.

Grand Total: 343 creatures vanquished

Notes
Turn   | Place    | Note
-------+----------+-------------------------------------------
     0 | D:1      | DungeonDestroyer the Gnoll Fighter began the quest for the
                  | Orb.
     0 | D:1      | Reached XP level 1. HP: 23/23 MP: 1/1
   260 | D:1      | Reached XP level 2. HP: 28/29 MP: 2/2
   679 | D:2      | Reached XP level 3. HP: 26/35 MP: 3/3
   883 | D:2      | Reached skill level 1 in Invocations
   884 | D:2      | Noticed Jessica
   889 | D:2      | Killed Jessica
   889 | D:2      | Reached skill level 1 in Short Blades
   889 | D:2      | Reached skill level 1 in Long Blades
   889 | D:2      | Reached skill level 1 in Maces & Flails
   889 | D:2      | Reached skill level 1 in Polearms
   889 | D:2      | Reached skill level 1 in Staves
   889 | D:2      | Reached skill level 1 in Slings
   889 | D:2      | Reached skill level 1 in Bows
   889 | D:2      | Reached skill level 1 in Crossbows
   889 | D:2      | Reached skill level 1 in Throwing
   889 | D:2      | Reached skill level 1 in Dodging
   889 | D:2      | Reached skill level 1 in Stealth
   889 | D:2      | Reached skill level 1 in Unarmed Combat
   889 | D:2      | Reached skill level 1 in Spellcasting
   889 | D:2      | Reached skill level 1 in Evocations
   889 | D:2      | Reached XP level 4. HP: 41/41 MP: 5/5
  1213 | D:2      | Found a radiant altar of Vehumet.
  1213 | D:2      | Found a burning altar of Makhleb.
  1389 | D:3      | Reached skill level 1 in Conjurations
  1389 | D:3      | Reached skill level 1 in Hexes
  1389 | D:3      | Reached skill level 1 in Charms
  1389 | D:3      | Reached skill level 1 in Summonings
  1389 | D:3      | Reached skill level 1 in Necromancy
  1389 | D:3      | Reached skill level 1 in Translocations
  1389 | D:3      | Reached skill level 1 in Transmutations
  1389 | D:3      | Reached skill level 1 in Fire Magic
  1389 | D:3      | Reached skill level 1 in Ice Magic
  1389 | D:3      | Reached skill level 1 in Air Magic
  1389 | D:3      | Reached skill level 1 in Earth Magic
  1389 | D:3      | Reached skill level 1 in Poison Magic
  1415 | D:3      | Reached XP level 5. HP: 6/47 MP: 6/6
  1825 | D:3      | Noticed a centaur
  1834 | D:3      | Killed a centaur
  1834 | D:3      | Reached XP level 6. HP: 46/53 MP: 8/8
  1909 | D:3      | Found a stormy altar of Qazlal.
  1931 | D:3      | Became a worshipper of Qazlal Stormbringer
  1972 | D:3      | Found a basalt altar of Yredelemnul.
  2257 | D:3      | Noticed Sigmund
  2266 | D:3      | Killed Sigmund
  2266 | D:3      | Reached skill level 5 in Axes
  2266 | D:3      | Reached XP level 7. HP: 59/59 MP: 8/10
  2619 | D:4      | Reached * piety under Qazlal
  2923 | D:4      | Identified the +2 robe of the Hanged Man {Regen+ Dex+5}
                  | (You found it on level 4 of the Dungeon)
  2934 | D:5      | Entered Level 5 of the Dungeon
  2939 | D:5      | Found a runed translucent door.
  2939 | D:5      | Found a sand-covered staircase.
  2943 | D:5      | Noticed UrsusMedved's ghost (novice DsAK)
  2960 | Ossuary  | Entered an ossuary
  3032 | Ossuary  | Reached ** piety under Qazlal
  3041 | Ossuary  | Reached XP level 8. HP: 54/67 MP: 10/12
  3477 | D:5      | Found a sparkling altar of Nemelex Xobeh.
  3478 | D:5      | Found an opulent altar of Gozag.
  3707 | D:5      | Found an opulent altar of Gozag.
  4075 | D:6      | Found a staircase to the Ecumenical Temple.
  4121 | D:6      | Found Sacruxup's Antique Armour Shoppe.
  4123 | D:6      | Noticed Eustachio
  4130 | D:6      | Killed Eustachio
  4136 | D:6      | Bought a glowing cloak for 172 gold pieces
  4343 | D:6      | Reached *** piety under Qazlal
  4358 | D:6      | Found a white marble altar of Elyvilon.
  4506 | D:6      | Reached XP level 9. HP: 67/72 MP: 14/14
  4515 | D:6      | Found Atruobeu's Food Emporium.
  4885 | D:7      | Noticed Joseph
  4902 | D:7      | Killed Joseph
  5064 | D:7      | Found a snail-covered altar of Cheibriados.
  5065 | D:7      | Found a glowing silver altar of Zin.
  5126 | D:7      | Found Baricw's Antique Weapon Shop.
  5131 | D:7      | Bought a glowing war axe for 156 gold pieces
  5336 | D:7      | Found a runed translucent door.
  5337 | D:7      | Noticed Crazy Yiuf
  5499 | D:7      | Killed Crazy Yiuf
  5957 | D:8      | Reached skill level 5 in Invocations
  6180 | D:8      | Noticed Maurice
  6181 | D:8      | Paralysed by Maurice for 7 turns
  6190 | D:8      | Paralysed by Maurice for 7 turns
  6206 | D:8      | Killed Maurice
  6206 | D:8      | Reached XP level 10. HP: 80/80 MP: 14/17
  6709 | D:9      | Reached skill level 5 in Short Blades
  6709 | D:9      | Reached skill level 5 in Long Blades
  6709 | D:9      | Reached skill level 5 in Maces & Flails
  6709 | D:9      | Reached skill level 5 in Polearms
  6709 | D:9      | Reached skill level 5 in Staves
  6709 | D:9      | Reached skill level 5 in Slings
  6709 | D:9      | Reached skill level 5 in Bows
  6709 | D:9      | Reached skill level 5 in Crossbows
  6709 | D:9      | Reached skill level 5 in Throwing
  6709 | D:9      | Reached skill level 5 in Dodging
  6709 | D:9      | Reached skill level 5 in Stealth
  6709 | D:9      | Reached skill level 5 in Unarmed Combat
  6709 | D:9      | Reached skill level 5 in Spellcasting
  6709 | D:9      | Reached skill level 5 in Evocations
  6727 | D:9      | Reached **** piety under Qazlal
  6831 | D:9      | Found a staircase to the Lair.
  7078 | D:9      | Found an iron altar of Okawaru.
  7165 | D:9      | Found an ornate altar of the Wu Jian Council.
  7384 | D:10     | Entered Level 10 of the Dungeon
  7402 | D:10     | Noticed a two-headed ogre
  7408 | D:10     | Killed a two-headed ogre
  7408 | D:10     | Reached XP level 11. HP: 65/87 MP: 19/19
  7435 | D:10     | Reached ***** piety under Qazlal
  7587 | D:11     | Reached skill level 5 in Conjurations
  7587 | D:11     | Reached skill level 5 in Hexes
  7587 | D:11     | Reached skill level 5 in Charms
  7587 | D:11     | Reached skill level 5 in Summonings
  7587 | D:11     | Reached skill level 5 in Necromancy
  7587 | D:11     | Reached skill level 5 in Translocations
  7587 | D:11     | Reached skill level 5 in Transmutations
  7587 | D:11     | Reached skill level 5 in Fire Magic
  7587 | D:11     | Reached skill level 5 in Ice Magic
  7587 | D:11     | Reached skill level 5 in Air Magic
  7587 | D:11     | Reached skill level 5 in Earth Magic
  7587 | D:11     | Reached skill level 5 in Poison Magic
  7973 | D:10     | Found a hide-covered altar of Uskayaw.
  8156 | D:11     | Noticed a four-headed hydra
  8163 | D:11     | Killed a one-headed hydra
  8440 | D:11     | Noticed a two-headed ogre
  8451 | D:11     | Killed a two-headed ogre
  8705 | D:11     | Noticed a manticore
  8712 | D:11     | Killed a manticore
  9569 | D:11     | Identified the +6 hunting sling of Analysis {velocity, rF++
                  | Dex-3} (You found it on level 11 of the Dungeon)
  9643 | D:12     | Noticed a soul eater
  9647 | D:12     | Slain by a red devil

Levels and vault maps discovered:
D:1:      tarquinn_simple_flora_water_a, layout_loops_ring, item_on_display_a
D:2:      wad_pebble_path, layout_basic, gammafunk_temple_overflow_wave,
          uniq_jessica
D:3:      layout_loops_ring, yredelemnul_forgotten_temple_becter,
          solitary_fountain, chequers_serial_rivers_large_a,
          grunt_qazlal_clouds, uniq_sigmund
D:4:      layout_gridville
D:5:      layout_rooms, grunt_temple_overflow_opulence, enter_ossuary_3,
          ebering_ghost_sewer_d, serial_co_window_serial, co_window_corner_a,
          co_window_cross_1, co_window_cross_1, co_window_of_opportunity_a,
          co_window_corner_a, co_window_2corner, co_window_corner_b,
          co_window_corner_b, co_window_4corner_a, co_window_4corner_b,
          first_ration, grunt_gozag_statues
D:6:      layout_loops_cross, elyvilon_altar_3, minmay_temple_entry_overgrown,
          serial_shops, nicolae_shop_temple_entry_statues_fountains,
          nicolae_shop_stone, uniq_eustachio
D:7:      layout_cave_pools, gammafunk_temple_overflow_statue, serial_shops,
          shop, uniq_crazy_yiuf_cottage, uniq_joseph
D:8:      layout_basic, uniq_maurice
D:9:      layout_stronghold, lemuel_doored_altar, lemuel_round_altar,
          lair_entry_dummy, the_bakery
D:10:     layout_cave_pools, serial_park, serial_park_avenue1,
          serial_park_gazebo [serial_park_minivault_5x5_8], serial_park_square2,
          grunt_ministairs_3
D:11:     layout_loops_corners
D:12:     layout_basic, erik_orc_2

Skill      XL: |  1  2  3  4  5  6  7  8  9 10 11 |
---------------+----------------------------------+-----
Invocations    | 1 2 3 4 5 6 7 |  7.3
Short Blades   | 1 2 3 4 5 6 |  6.6
Long Blades    | 1 2 3 4 5 6 |  6.6
Maces & Flails | 1 2 3 4 5 6 |  6.6
Polearms       | 1 2 3 4 5 6 |  6.6
Staves         | 1 2 3 4 5 6 |  6.6
Slings         | 1 2 3 4 5 6 |  6.6
Bows           | 1 2 3 4 5 6 |  6.6
Crossbows      | 1 2 3 4 5 6 |  6.6
Throwing       | 1 2 3 4 5 6 |  6.6
Dodging        | 1 2 3 4 5 6 |  6.6
Stealth        | 1 2 3 4 5 6 |  6.6
Unarmed Combat | 1 2 3 4 5 6 |  6.6
Spellcasting   | 1 2 3 4 5 6 |  6.6
Evocations     | 1 2 3 4 5 6 |  6.6
Conjurations   | 1 2 3 4 5 |  5.5
Hexes          | 1 2 3 4 5 |  5.5
Charms         | 1 2 3 4 5 |  5.5
Summonings     | 1 2 3 4 5 |  5.5
Necromancy     | 1 2 3 4 5 |  5.5
Translocations | 1 2 3 4 5 |  5.5
Transmutations | 1 2 3 4 5 |  5.5
Fire Magic     | 1 2 3 4 5 |  5.5
Ice Magic      | 1 2 3 4 5 |  5.5
Air Magic      | 1 2 3 4 5 |  5.5
Earth Magic    | 1 2 3 4 5 |  5.5
Poison Magic   | 1 2 3 4 5 |  5.5
Axes           | 5 6 7 8 |  8.1
Fighting       | 7 8 9 |  9.4
Armour         | 7 8 9 |  9.4
Shields        | 7 8 9 |  9.4

Action                   |  1- 3 |  4- 6 |  7- 9 | 10-12 || total
-------------------------+-------+-------+-------+-------++-------
Melee: War axe           |    61 |   109 |   413 |   329 ||   912
       Bite              |     2 |    12 |    53 |    62 ||   129
       Hand axe          |       |       |       |   116 ||   116
Invok: Upheaval          |       |       |     1 |       ||     1
       Elemental Force   |       |       |     1 |       ||     1
       Disaster Area     |       |       |       |     2 ||     2
  Use: Scroll            |     4 |     1 |     6 |     8 ||    19
       Potion            |     2 |     1 |     6 |     1 ||    10
 Stab: Invisible         |       |       |     1 |       ||     1
  Eat: Chunk             |       |     4 |    14 |     4 ||    22
       Ration            |       |       |       |     3 ||     3
Armor: Scale mail        |    18 |    38 |       |       ||    56
       Chain mail        |       |    22 |   192 |     2 ||   216
       Skin              |       |     1 |       |       ||     1
       Plate armour      |       |       |       |   237 ||   237
Dodge: Dodged            |    22 |    44 |    98 |   100 ||   264
       Deflected         |       |       |       |     1 ||     1
Block: Shield            |    28 |    72 |   323 |   474 ||   897
